 Dungeon Crawl Stone Soup version 0.29-a0-221-gceb61267dd (webtiles) character file.

Game seed: 11223719866391193709

798 enile the Cutter (level 8, -3/48 (49) HPs)
             Began as a Kobold Arcane Marksman on Feb 27, 2022.
             Was an Initiate of Gozag.
             Killed by divine providence
             ... invoked by an orc priest
              (10 damage)
             ... on level 6 of the Dungeon.
             The game lasted 00:12:34 (8142 turns).

enile the Cutter (Kobold Arcane Marksman)           Turns: 8142, Time: 00:12:35

HP:   -3/48 (49)    AC: 11    Str:  7    XL:     8   Next: 13%
MP:   9/9           EV:  0    Int: 11    God:    Gozag
Gold: 227           SH:  0    Dex: 19    Spells: 8/9 levels left

rFire   + . .      SeeInvis .   q - +4 dagger of Inference {spect, rF+ rC+ Int-4 Dex+2}
rCold   + . .      Faith    .   (no shield)
rNeg    . . .      Spirit   .   t - +1 plate armour
rPois   .          Reflect  .   (no helmet)
rElec   .          Harm     .   (no cloak)
rCorr   .          Rampage  .   (no gloves)
Will    .....                   (no boots)
Stlth   ..........              (no amulet)
HPRegen 0.16/turn               (no ring)
MPRegen 0.11/turn               (no ring)

@: lightly drained
A: small, no large weapons, nightstalker 3
a: Renounce Religion, Potion Petition, Call Merchant, Bribe Branch


You were on level 6 of the Dungeon.
You worshipped Gozag.
Gozag was aware of your devotion.
You visited 2 branches of the dungeon, and saw 9 of its levels.

You collected 301 gold pieces.
You paid 74 gold pieces to Gozag.

Inventory:

Hand Weapons
 a - a +0 hand crossbow
 c - a +4 dagger
 h - a +0 spear of venom
 q - the +4 dagger of Inference (weapon) {spect, rF+ rC+ Int-4 Dex+2}
   (You found it on level 5 of the Dungeon)

   When its wielder attacks, the weapon's spirit leaps out and strikes again.
   The spirit shares a part of any damage it takes with its wielder.
   Int:       It affects your intelligence (-4).
   Dex:       It affects your dexterity (+2).
   rF:        It protects you from fire.
   rC:        It protects you from cold.
Armour
 b - a +0 robe
 t - a +1 plate armour (worn)
Wands
 d - a wand of polymorph (10) (quivered)
Scrolls
 i - 2 scrolls of noise
 j - a scroll of enchant armour
 k - a scroll of identify
 n - 2 scrolls of teleportation
Potions
 e - 2 potions of curing {unknown}
 f - 3 potions of brilliance {unknown}
 l - a potion of heal wounds {unknown}
 m - 3 potions of resistance {unknown}
 o - a potion of degeneration {unknown}
 p - 2 potions of lignification {unknown}
 r - a potion of berserk rage {unknown}
 s - a potion of flight {unknown}


   Skills:
 - Level 5.0 Fighting
 + Level 7.9 Short Blades
 - Level 4.0 Crossbows
 - Level 2.4 Dodging
 - Level 4.0 Stealth
 - Level 1.1 Spellcasting
 - Level 3.0 Hexes


You had 8 spell levels left.
You knew the following spells:

 Your Spells              Type           Power      Damage    Failure   Level
a - Slow                  Hex            28%        N/A       100%        1

Your spell library contained the following spells:

 Spells                   Type           Power      Damage    Failure   Level
 Animate Skeleton         Necr           0%         N/A       100%        1
 Apportation              Tloc           0%         N/A       100%        1
 Pain                     Necr           0%         1d4       100%        1
 Summon Small Mammal      Summ           0%         N/A       100%        1
 Corpse Rot               Necr/Air       0%         N/A       100%        2
 Inner Flame              Hex/Fire       3%         N/A       100%        3
 Portal Projectile        Hex/Tloc       6%         N/A       100%        3
 Cause Fear               Hex            3%         N/A       100%        4
 Agony                    Necr           0%         N/A       100%        5


Dungeon Overview and Level Annotations

Branches:
Dungeon (8/15)             Temple (1/1) D:4
   Lair: D:8-11

Altars:
Cheibriados
Elyvilon
Fedhas
Gozag
Hepliaklqana
Kikubaaqudgha
Makhleb
Nemelex Xobeh
Okawaru
Qazlal
Ru
Sif Muna
Trog
Uskayaw
Wu Jian
Yredelemnul
Zin

Shops:
D:1 [*![:

Annotations:
D:3 Ijyb, Natasha
D:4 3 runed translucent doors, drugrobin's ghost, amateur DgFi


Innate Abilities, Weirdness & Mutations

You are small and have problems with some larger weapons.
You are completely attuned to the shadows.


Message History

You smell decay.
The dead are walking!
A cyclops skeleton and a basilisk skeleton come into view.
There are monsters nearby!
There is a stone staircase leading down here.
You climb downwards.
There is a stone staircase leading up here.
You start resting.
HP restored.
You start waiting.
You hear Kikubaaqudgha cackling.
Your body is wracked with pain!
The dead are walking and slithering!
The divine experience confuses you!
You are confused.
Kikubaaqudgha seems mollified.
A gnoll shaman zombie and an adder zombie come into view.
You climb upwards.
The basilisk skeleton bites you but does no damage.
There is a stone staircase leading down here.
The basilisk skeleton bites you! The basilisk skeleton bites you!
* * * LOW HITPOINT WARNING * * *
There is a stone staircase leading up, spattered with blood here.
You feel less confused. The basilisk skeleton bites you.
* * * LOW HITPOINT WARNING * * *
You climb upwards.
There is a stone staircase leading down here.
Okay, then.
Aiming: Polymorph
Press: ? - help, Q - select action, (/) - cycle Shift-Dir - straight line, f - orc priest
Aim: an orc priest, wielding a +0 club and wearing a +0 chain mail (will become an iguana, a howler monkey, or a jelly, chance to affect: 49%)
Okay, then.
Unknown command.
Okay, then.
As you read the scroll labelled PUFAYR VIERAR, it crumbles to dust.
It is a scroll of enchant armour.
Your +0 plate armour glows green for a moment.
The orc priest mumbles some strange prayers to Beogh against you.
Beogh smites you!
You die...
Your body crumbles into a pile of gold.

...#$..# #. #$..# #._.#
..... #...# #.#...### #Z..#
.# .... #.#.....# #.P.#
..##..###.#.....# #ZP.#
.......##.#.....# #.P.#
.....#...>..$@.o#######.P.#
###.<#..........$....Z....#
........#.##..########....#
.......######## #..≈.#
.....### #.§≈§# .....#
#.§≈.# .....# #..≈.#


You could see an orc priest.

Vanquished Creatures
  Menkaure (D:5)
  2 black bears
  A sky beast (D:5)
  A phantom (D:5)
  A scorpion (D:6)
  A wyvern skeleton (D:4)
  A yak zombie (D:5)
  2 centaur zombies
  An orc priest (D:4)
  A centaur skeleton (D:4)
  9 gnolls
  5 orc zombies
  5 adders
  2 ufetubi
  A worm (D:2)
  6 dart slugs
  4 orcs
  9 ball pythons
  5 bats
  3 endoplasms
  4 giant cockroaches
  6 goblins
  7 hobgoblins
  11 jackals (D:2)
  8 kobolds
  3 quokkas
  A ball python skeleton (D:4)
  2 frilled lizards
  A giant cockroach zombie (D:4)
  A goblin zombie (D:4)
  A hobgoblin zombie (D:4)
  A jackal skeleton (D:4)
  2 kobold zombies
  An orc skeleton (D:5)
  5 rats
115 creatures vanquished.

Vanquished Creatures (others)
  A fungus (D:4)
  3 plants (D:4)
4 creatures vanquished.

Grand Total: 119 creatures vanquished

Notes
Turn   | Place    | Note
-------+----------+-------------------------------------------
     0 | D:1      | enile the Kobold Arcane Marksman began the quest for the
                  | Orb.
     0 | D:1      | Reached XP level 1. HP: 12/12 MP: 2/2
    73 | D:1      | Found Baelith's Book Boutique.
   119 | D:1      | Found Vicu's Distillery.
   130 | D:1      | Reached XP level 2. HP: 2/17 MP: 0/3
   434 | D:1      | Found Rejopn's Armour Shoppe.
   477 | D:1      | Found Xolid's General Store.
   886 | D:1      | Reached XP level 3. HP: 19/23 MP: 4/4
  1276 | D:1      | Found Celuv's Armour Shoppe.
  1924 | D:2      | Reached XP level 4. HP: 20/28 MP: 5/5
  2211 | D:2      | Reached skill level 1 in Stealth
  2228 | D:2      | Found a faded altar of an unknown god.
  2248 | D:2      | Prayed at the altar of an unknown god.
  2248 | D:2      | Became a worshipper of Kikubaaqudgha
  2248 | D:2      | Reached * piety under Kikubaaqudgha
  2248 | D:2      | Received a gift from Kikubaaqudgha
  3177 | D:3      | Reached ** piety under Kikubaaqudgha
  3193 | D:3      | Reached XP level 5. HP: 28/32 MP: 6/6
  3250 | D:3      | Noticed Ijyb
  3579 | D:3      | Noticed Natasha
  3600 | D:3      | You fall into a shaft and drop 2 floors!
  3600 | D:5      | Entered Level 5 of the Dungeon
  3613 | D:5      | Noticed Menkaure
  3638 | D:5      | Noticed a sky beast
  3667 | D:5      | Identified the +4 dagger of Inference {spect, rF+ rC+ Int-4
                  | Dex+2}
  3703 | D:5      | Noticed a black bear
  3711 | D:5      | Killed a black bear
  3712 | D:5      | Reached skill level 3 in Short Blades
  3712 | D:5      | Reached XP level 6. HP: 29/37 MP: 7/7
  3759 | D:5      | Killed a sky beast
  3834 | D:5      | Reached skill level 4 in Short Blades
  4531 | D:4      | Found a runed translucent gate.
  4531 | D:4      | Found a runed translucent gate.
  4533 | D:4      | Found a runed translucent gate.
  4536 | D:4      | Noticed drugrobin's ghost (amateur DgFi)
  4692 | D:4      | Reached skill level 5 in Short Blades
  4692 | D:4      | Reached XP level 7. HP: 41/43 MP: 8/8
  4705 | D:4      | Found a staircase to the Ecumenical Temple.
  4747 | Temple   | Entered the Ecumenical Temple
  4880 | Temple   | Fell from the grace of Kikubaaqudgha
  4880 | Temple   | Became a worshipper of Gozag Ym Sagoz the Greedy
  5038 | D:4      | Found a hide-covered altar of Uskayaw.
  5038 | D:4      | Found an ornate altar of the Wu Jian Council.
  5042 | D:4      | Found a bloodstained altar of Trog.
  5050 | D:4      | Found a stormy altar of Qazlal.
  5058 | D:4      | Found a snail-covered altar of Cheibriados.
  5059 | D:4      | Found a glowing silver altar of Zin.
  5127 | D:4      | Reached skill level 6 in Short Blades
  7062 | D:5      | Reached skill level 7 in Short Blades
  7339 | D:5      | Killed Menkaure
  7340 | D:5      | Reached skill level 5 in Fighting
  7340 | D:5      | Reached XP level 8. HP: 47/49 MP: 9/9
  7665 | D:6      | Found an iron altar of Okawaru.
  8135 | D:8      | Was forgiven by Kikubaaqudgha
  8142 | D:6      | Killed from afar by an orc priest

Illustrated notes

Levels and vault maps discovered:
D:1:      minmay_arrival_split_and_join, layout_basic, serial_shops,
          nicolae_shop_trees, shop, shop, nicolae_shop_statue_plus,
          nicolae_shop_stone, serial_park_tiny_pond
D:2:      layout_loops_corners, basic_ecumenical_altar
D:3:      layout_loops_ring, uniq_ijyb, uniq_crazy_yiuf_cottage, uniq_natasha
D:4:      layout_loops_corners, minmay_overflow_temple_hex,
          minmay_temple_entry_water_ring, gammafunk_ghost_nasty_kobolds
D:5:      layout_loops_ring, uniq_menkaure
D:6:      layout_cave_pools, lemuel_tele_altar, mainiacjoe_overflow_boulevard,
          uniq_eustachio
D:7:      minmay_polygon_palace, layout_rooms, jmf_multi_god_temple2,
          kennysheep_generic_room_16
D:8:      layout_basic, kiku_gazebo_garden_becter, uniq_psyche
Temple:   nicolae_temple_figure_zero

Skill      XL: |  1  2  3  4  5  6  7 |
---------------+----------------------+-----
Fighting       | 2 3 4 5 |  5.0
Crossbows      | 4 |  4.0
Stealth        | 3 4 |  4.0
Short Blades   | 3 5 7 |  7.9
Dodging        | |  2.4
Spellcasting   | |  1.1
Hexes          | |  3.0

Action                   |  1- 3 |  4- 6 |  7- 9 || total
-------------------------+-------+-------+-------++-------
Melee: Dagger            |       |    22 |   143 ||   165
       Punch             |       |       |     2 ||     2
 Fire: Hand crossbow     |   109 |    97 |       ||   206
 Cast: Slow              |     2 |     1 |     4 ||     7
  Use: Scroll            |       |     6 |     4 ||    10
 Stab: Sleeping          |       |     7 |     7 ||    14
       Distracted        |       |       |     1 ||     1
Armor: Robe              |    12 |     6 |    15 ||    33
       Plate armour      |       |       |    25 ||    25
Dodge: Dodged            |    46 |    63 |    86 ||   195

Table legend: (Time is in decaauts)
 A = Elapsed time spent in this place.
 B = Non-inter-level travel time spent in this place.
 C = Inter-level travel time spent in this place.
 D = Time resting spent in this place.
 E = Time spent auto-exploring this place.
 F = Levels seen in this place.
 G = Mean time per level.
                   A        B        C        D        E       F      G
               +--------+--------+--------+--------+--------+-----+--------+
         Total |   8170 |   7884 |    286 |   1426 |   5125 |   9 |  907.8 |
       Dungeon |   8027 |   7768 |    259 |   1426 |   5011 |   8 | 1003.4 |
        Temple |    142 |    115 |     27 |      0 |    114 |   1 |  142.0 |
               +--------+--------+--------+--------+--------+-----+--------+

Top non-repeatable levels by time:
     D:4: 2392 daAuts
     D:2: 1938 daAuts
     D:5: 1476 daAuts
     D:1: 1465 daAuts
     D:7: 268 daAuts
     D:3: 263 daAuts
  Temple: 142 daAuts
     D:8: 114 daAuts
     D:6: 106 daAuts
